[Event "Metz op 31th"]
[Site "Metz"]
[Date "2013.04.24"]
[Round "4"]
[White "Degraeve, Jean Marc"]
[Black "Shchekachev, Andrei"]
[Result "1/2-1/2"]
[ECO "A43"]
[WhiteElo "2567"]
[BlackElo "2520"]
[Annotator "Metz Alekhine/Primel,D"]
[PlyCount "74"]
[EventDate "2013.04.20"]
[EventType "swiss"]
[EventRounds "9"]
[EventCountry "FRA"]
[SourceTitle "EXT 2016"]
[Source "ChessBase"]
[SourceDate "2015.10.08"]
[SourceVersion "1"]
[SourceVersionDate "2015.10.08"]
[SourceQuality "1"]
[TimeControl "40/5400:1800+30"]
[WhiteClock "1:30:00"]
[BlackClock "1:30:00"]

1. e4 d6 2. d4 g6 3. Nc3 Bg7 4. f4 Nf6 5. Nf3 c5 6. d5 {Transpose vers une
position de Benoni mais avec un Nc3 au lieu de la poussée c4} (6. Bb5+ {
La ligne critique} Bd7 7. e5 Ng4 8. e6 (8. Bxd7+)) 6... O-O 7. Bd3 b5 $5 (7...
e6 {La grande ligne} 8. O-O exd5 (8... Na6)) (7... Qb6 $5 8. Nd2 (8. a4 a5) 8... Bg4 {Acs,P (2606)-Ivanchuk,V (2710) EU-Cup 19th
Rethymnon 2003 (2.1) 1/2-1/2} (8... Bd7 9. Nc4)) (7... Na6 8. O-O Bg4 9. Bc4
Nd7 10. h3 Bxf3 11. Qxf3 Nc7 12. a4 Rb8 13. Bd2 a6 14. a5 b5 15. axb6 Nxb6 16.
Be2 Nb5 17. Rxa6 Nd4 18. Qd3 c4 19. Qg3 Nxc2 20. f5 Nd7 21. Bc1 Ne5 22. Qh4 Nb4
23. Ra3 Nbd3 24. Bg5 Re8 25. fxg6 hxg6 26. Bh6 Rxb2 27. Kh1 Qb6 28. Na4 Qb4 29.
Nxb2 Qxa3 30. Nd1 Qa2 {0-1 (30) Robson,R (2628)-Dominguez Perez,L (2757) St
Louis 2014}) 8. Nxb5 c4 9. Bxc4 Nxe4 10. Qe2 a6 11. Qxe4 $146 (11. Nbd4 $142 Qa5+ 12. c3 Nf6 13. O-O (13. f5) 13... Bb7 14. Qxe7) (11. Nbd4 Nf6
12. O-O Bb7 13. Kh1 Bxd5 14. Bxd5 Nxd5 15. Ne6 Qd7 16. Nxf8 Kxf8 17. c4 Nf6 18.
Bd2 Nc6 19. Bc3 Qa7 20. Rae1 Nd7 21. Qd2 Rc8 22. b3 a5 {1-0 (22) Dieu,B (2266)
-Entem,A (2135) France 2009}) 11... axb5 12. Bb3 Na6 $11 13. O-O
Bb7 (13... Nc5) 14. Rd1 Nc5 {Les Noirs ont un trés bon jeu} 15. Qb4 Qd7 16.
Nd4 Rfc8 17. Be3 (17. Nxb5 Na6 $44 ) 17... Nxb3 18. Qxb3 Rc5 19.
Nc6 Rxc6 $1 20. dxc6 Qxc6 $44 21. Rd2 Ra4 22. Re1 Re4 23. c3 Bh6 24. Qd1 Kf8
25. Rde2 e5 $6 (25... Bxf4 26. Bxf4 Rxf4 27. Qd2
e5 $36) 26. Bc1 Rxe2 27. Rxe2 Bg7 28. fxe5 (28. Qf1 $5 )
28... Bxe5 29. Bh6+ Kg8 30. Qd2 $1 f6 31. Be3 Qc4 32. Bd4
Bf4 $2 (32... Bd5 33. b3 Qc6) 33. Re8+ $2 $138 (33. b3 $18) 33... Kf7 34. Qe1 (
34. Qe2 $142 $1 Qxe2 35. Rxe2) 34... Be5 35. Bxe5 Kxe8 36. Bxf6+ Qe4 37. Qxe4+
Bxe4 1/2-1/2